 Dungeon Crawl Stone Soup version 0.24.0-13-gcf9b319 (webtiles) character file.

Game seed: 3895488487824135689, levelgen mode: deterministic

324 Bronimir the Stinger (level 6, 0/34 HPs)
             Began as a Tengu Venom Mage on Mar 21, 2020.
             Was a Follower of Kikubaaqudgha.
             Succumbed to an adder's poison
             ... on level 3 of the Dungeon.
             The game lasted 00:13:50 (3423 turns).

Bronimir the Stinger (Tengu Venom Mage)             Turns: 3423, Time: 00:13:50

Health: 0/34       AC:  4    Str: 13 (14) XL:     6   Next: 48%
Magic:  11/11      EV: 14    Int: 15 (17) God:    Kikubaaqudgha [*.....]
Gold:   110        SH:  0    Dex: 12 (14) Spells: 4/10 levels left

rFire    . . .     SeeInvis .   u - +0 halberd
rCold    . . .     Gourm    .   (shield currently unavailable)
rNeg     . . .     Faith    .   o - +0 leather armour
rPois    .         Spirit   .   (helmet restricted)
rElec    .         Reflect  .   (no cloak)
rCorr    +         Harm     .   s - +0 pair of gloves
MR       .....                  (boots unavailable)
Stlth    ++........             (no amulet)
HPRegen  0.11/turn              d - ring of resist corrosion
MPRegen  0.12/turn              (no ring)

@: mighty, lethally poisoned (0 -> -1), flying quickly and evasively, quick
A: beak, talons 3, able to fly
a: Stop Flying, Receive Corpses, Renounce Religion


You were on level 3 of the Dungeon.
You worshipped Kikubaaqudgha.
Kikubaaqudgha was aware of your devotion.
You were very hungry.

You visited 1 branch of the dungeon, and saw 4 of its levels.

You collected 110 gold pieces.

Inventory:

Hand Weapons
 f - a +0 short sword
 k - a +0 whip
 p - a +0 whip
 u - a +0 halberd (weapon)
Missiles
 j - 33 stones
 m - 14 poisoned darts (quivered)
 q - 13 arrows
 r - 25 bolts
Armour
 a - a +0 robe
 o - a +0 leather armour (worn)
 s - a +0 pair of gloves (worn)
Jewellery
 d - a ring of resist corrosion (left hand)
Wands
 l - a wand of digging (2)
Scrolls
 b - 2 scrolls of identify
 n - 2 scrolls of remove curse
Potions
 i - 2 potions of brilliance
Comestibles
 c - 6 rations


   Skills:
 + Level 1.0 Fighting
 + Level 0.9 Short Blades
 + Level 1.3 Polearms
 * Level 2.9 Armour
 + Level 2.7 Dodging
 - Level 2.0 Stealth
 + Level 0.4 Unarmed Combat
 + Level 2.8 Spellcasting
 * Level 3.4 Conjurations
 + Level 1.3 Air Magic
 * Level 4.2 Poison Magic


You had 4 spell levels left.
You knew the following spells:

 Your Spells              Type           Power        Failure   Level  Hunger
a - Sting                 Conj/Pois      ##..         5%          1    #......
b - Poisonous Vapours     Pois/Air       ##....       12%         2    ##.....
c - Mephitic Cloud        Conj/Pois/Air  ##......     22%         3    ###....

Your spell library contained the following spells:

 Spells                   Type           Power        Failure   Level  Hunger
 Pain                     Necr           #...         26%         1    #......
 Corpse Rot               Necr           N/A          36%         2    ##.....
 Sublimation of Blood     Necr           #.........   36%         2    ##.....
 Olgreb's Toxic Radiance  Pois           ##......     41%         4    #####..
 Regeneration             Chrm/Necr      #.........   61%         3    ###....
 Venom Bolt               Conj/Pois      ##........   83%         5    ######.


Dungeon Overview and Level Annotations

Branches:
Dungeon (4/15)
 Temple: D:4-7

Altars:
Dithmenos
Elyvilon
Hepliaklqana
Kikubaaqudgha
Makhleb
Nemelex Xobeh
Xom
Yredelemnul

Annotations:
D:3 Robin


Innate Abilities, Weirdness & Mutations

You have a beak for a mouth.
You have claws for feet.
You can fly continuously.


Message History

The goblin hits you.
* * * LOW HITPOINT WARNING * * *
The goblin barely misses you. x2
Okay, then.
Evoke which item? (* to show all) (? for menu, Esc to quit)
Aiming: Dig
Press: ? - help, Shift-Dir - straight line A rock wall.
The rock shatters into small pieces.
The goblin closely misses you. x2
The goblin hits you.
* * * LOW HITPOINT WARNING * * *
* * * LOW HITPOINT WARNING * * *
You feel sick.
The goblin no longer looks unusually strong.
Your surroundings suddenly seem different.
An adder comes into view.
The adder hisses angrily.
The adder moves out of view.
You die...
Kikubaaqudgha rasps: "You have failed me!
Welcome... death!"

...... ###....<#..
......
...#####.......# .
......
...............#
....#.
#########.).....#
...g..
........#.......#
......
.........######.#
...... .........#
## ##.#..
..........# #
.#............@#
♣♣♣
........#####.##
♣.♣.P #
#............#
♣.PP .
#...........# ♣♣P♣
. #...........# ♣P
.####...........#
♣♣
.g..............#
..# #.÷.........#
#g###÷..........##


There were no monsters in sight!

Vanquished Creatures
  Sigmund (D:2)
  4 gnolls
  4 adders
  2 oozes
  2 worms (D:2)
  A dart slug (D:1)
  10 bats
  A giant cockroach (D:3)
  10 goblins
  5 hobgoblins
  10 jackals
  7 kobolds
  2 quokkas
  2 ball pythons
  4 frilled lizards (D:3)
  6 rats
71 creatures vanquished.

Notes
Turn   | Place    | Note
-------+----------+-------------------------------------------
     0 | D:1      | Bronimir the Tengu Venom Mage began the quest for the Orb.
     0 | D:1      | Reached XP level 1. HP: 10/10 MP: 4/4
   208 | D:1      | Reached XP level 2. HP: 15/15 MP: 4/6
   357 | D:1      | Learned a level 2 spell: Poisonous Vapours
   463 | D:1      | Reached skill level 1 in Armour
   463 | D:1      | Reached XP level 3. HP: 5/19 MP: 1/7
   693 | D:1      | Learned a level 3 spell: Mephitic Cloud
  1199 | D:2      | Found a basalt altar of Yredelemnul.
  1327 | D:2      | Found a hazy altar of Hepliaklqana.
  1401 | D:2      | Found a shimmering altar of Xom.
  1401 | D:2      | Noticed a caustic shrike
  1402 | D:2      | Noticed a spectral ugly thing
  1402 | D:2      | Noticed a caustic shrike
  1745 | D:1      | Reached XP level 4. HP: 22/24 MP: 2/8
  2131 | D:2      | Noticed Sigmund
  2160 | D:2      | Killed Sigmund
  2160 | D:2      | Reached skill level 1 in Polearms
  2160 | D:2      | Reached skill level 1 in Air Magic
  2160 | D:2      | Reached skill level 4 in Poison Magic
  2160 | D:2      | Gained mutation: You can fly continuously. [Tengu growth]
  2160 | D:2      | Reached XP level 5. HP: 4/28 MP: 0/10
  2160 | D:2      | Reached XP level 6. HP: 5/33 MP: 0/11
  2445 | D:2      | Reached skill level 1 in Fighting
  2495 | D:2      | Found a white marble altar of Elyvilon.
  2555 | D:2      | Found a burning altar of Makhleb.
  2633 | D:2      | Found an ancient bone altar of Kikubaaqudgha.
  2634 | D:2      | Found a sparkling altar of Nemelex Xobeh.
  2637 | D:2      | Found a shadowy altar of Dithmenos.
  2663 | D:2      | Became a worshipper of Kikubaaqudgha
  3006 | D:3      | Noticed Robin
  3021 | D:3      | Reached * piety under Kikubaaqudgha
  3021 | D:3      | Identified Kikubaaqudgha's Almanac of Necromancy
                  | (Kikubaaqudgha gifted it to you on level 3 of the Dungeon)
  3021 | D:3      | Received a gift from Kikubaaqudgha
  3418 | D:3      | HP: 1/34 [poisoned by an adder]
  3423 | D:3      | Succumbed to an adder's poison

Levels and vault maps discovered:
D:1:      kilobyte_arrival_exit_the_forest, layout_basic
D:2:      layout_loops_cross, regret_index_temple_of_mockery, elyvilon_altar_3,
          minitemple, yredelemnul_altar_generic, uniq_sigmund
D:3:      layout_basic, marbit_many_paths, portal_sewer_entry_d,
          minmay_increasing_density, uniq_crazy_yiuf_cottage, uniq_robin
D:4:      wad_river_or_something, layout_basic, first_ration,
          kennysheep_small_circle, uniq_purgy

Skill      XL: |  1  2  3  4  5  6 |
---------------+-------------------+-----
Conjurations   | 2 3 |  3.4
Armour         | 1 2 |  2.9
Polearms       | 1 |  1.3
Air Magic      | 1 |  1.3
Poison Magic   | 4 |  4.2
Fighting       | 1 |  1.0
Short Blades   | |  0.9
Dodging        | |  2.7
Stealth        | |  2.0
Unarmed Combat | |  0.4
Spellcasting   | |  2.8

Action                   |  1- 3 |  4- 6 || total
-------------------------+-------+-------++-------
Melee: Unarmed           |     7 |       ||     7
       Kick              |     6 |    12 ||    18
       Short sword       |    48 |       ||    48
       Peck              |    10 |     7 ||    17
       Halberd           |       |    82 ||    82
 Cast: Sting             |    21 |    18 ||    39
       Poisonous Vapours |    11 |    13 ||    24
       Mephitic Cloud    |     1 |     2 ||     3
 Abil: Fly               |       |     1 ||     1
Evoke: Wand              |       |     1 ||     1
  Use: Scroll            |       |     7 ||     7
       Potion            |       |     4 ||     4
 Stab: Sleeping          |       |     1 ||     1
  Eat: Chunk             |     3 |     6 ||     9
Armor: Robe              |    10 |       ||    10
       Leather armour    |     7 |    20 ||    27
       Skin              |       |    50 ||    50
Dodge: Dodged            |    67 |   105 ||   172
